[Event "Titled Tuesday Blitz April 26 Late 2022"]
[White "Sanchez, Robert"]
[Black "Tregubov, Pavel V."]
[WhiteFideId "2034360"]
[BlackFideId "4115341"]
[WhiteElo "2418"]
[BlackElo "2341"]
[Result "1-0"]
[Round "04"]
[TimeControl "180+1"]
[Date "2022.04.26"]
[WhiteClock "0:00:07"]
[BlackClock "0:00:01"]

1. e4 c5 2. Nf3 e6 3. d4 cxd4 4. Nxd4 Nc6 5. Nc3 Nf6 6. Nb3 Bb4 7. Bd3 d5 8. exd5 Nxd5 9. Bd2 Nxc3 10. bxc3 Be7 11. O-O O-O 12. Qh5 g6 13. Qh6 b6 14. Rad1 Bb7 15. Bf4 Qc8 16. Rfe1 Rd8 17. Re3 Bf8 18. Qh4 Ne7 19. Rh3 h6 20. Rf1 Qc6 21. f3 Qxc3 22. Bxh6 Bxh6 23. Qxe7 Be3+ 24. Kh1 Rxd3 25. cxd3 Qxd3 26. Re1 Qc3 27. Rd1 Bd5 28. Qh4 Qg7 29. Qe7 Bf4 30. Nd4 Rc8 31. Nc6 g5 32. Nd8 g4 33. Qe8+ Qf8 34. Rh8+ Kxh8 35. Qxf8+ 1-0


[Site "https://www.chess.com"]

[Event "Titled Tuesday Blitz April 26 Late 2022"]
[White "Sarana, Alexey"]
[Black "Aroesti, Roee"]
[WhiteFideId "24133795"]
[BlackFideId "2817144"]
[WhiteElo "2666"]
[BlackElo "2068"]
[Result "1-0"]
[Round "04"]
[TimeControl "180+1"]
[Date "2022.04.26"]
[WhiteClock "0:01:43"]
[BlackClock "0:00:54"]

1. d4 Nf6 2. c4 g6 3. Nc3 Bg7 4. e4 d6 5. Be2 O-O 6. Be3 a6 7. Nf3 c5 8. dxc5 dxc5 9. Qxd8 Rxd8 10. Bxc5 Nc6 11. O-O Nd7 12. Be3 Bxc3 13. bxc3 Nde5 14. Nxe5 Nxe5 15. f4 Nc6 16. g4 f6 17. f5 Ne5 18. Bd4 Bd7 19. Bxe5 fxe5 20. Kf2 Bc6 21. Ke3 Kg7 22. Rad1 a5 23. g5 Rxd1 24. Rxd1 Rf8 25. Rf1 Rd8 26. h4 h6 27. fxg6 Kxg6 28. h5+ Kxg5 29. Rf5+ Kh4 30. Rxe5 Rg8 31. Rxe7 Rg3+ 32. Kd2 Rg2 33. Re6 Kg5 34. Rg6+ 1-0


[Site "https://www.chess.com"]

[Event "Titled Tuesday Blitz April 26 Late 2022"]
[White "Sarkar, Justin"]
[Black "Jaferian, Koosha"]
[WhiteFideId "2010011"]
[BlackFideId "12507440"]
[WhiteElo "2038"]
[BlackElo "2030"]
[Result "1/2-1/2"]
[Round "04"]
[TimeControl "180+1"]
[Date "2022.04.26"]
[WhiteClock "0:00:02"]
[BlackClock "0:00:32"]

1. d4 Nf6 2. c4 e6 3. Nc3 Bb4 4. e3 O-O 5. Bd2 b6 6. Bd3 Bb7 7. Nf3 c5 8. O-O cxd4 9. exd4 d5 10. a3 Be7 11. Bg5 dxc4 12. Bxc4 Nc6 13. Rc1 Rc8 14. Qd3 Na5 15. Ba2 h6 16. Bh4 Bxf3 17. Qxf3 Qxd4 18. Bg3 Nc4 19. Rfd1 Qg4 20. Qxg4 Nxg4 21. Rd7 Bf6 22. Bxc4 Rxc4 23. h3 Ne5 24. Bxe5 Bxe5 25. Rxa7 Rfc8 26. Rb7 Bxc3 27. Rxc3 Rxc3 28. bxc3 Rxc3 29. Rxb6 Rxa3 30. h4 h5 31. g3 e5 32. Kg2 f6 33. Rb7 Kh7 34. Rb5 Kg6 35. Rc5 Ra2 36. Rb5 Kf5 37. Rb4 Rc2 38. Ra4 Rb2 39. Rc4 Rb8 40. Ra4 Rc8 41. Rb4 Rc2 42. Ra4 g6 43. Rb4 e4 44. Kg1 Re2 45. Kf1 Ra2 46. Rc4 Rb2 47. Ra4 Rb3 48. Kg2 Rd3 49. Rb4 Rd2 50. Kf1 Rd8 51. Ra4 Re8 52. Kg2 e3 53. fxe3 Rxe3 54. Ra5+ Re5 55. Ra4 Rb5 56. Kf3 Rb3+ 57. Kg2 Rc3 58. Ra5+ Ke6 59. Ra6+ Kf7 60. Ra7+ Ke6 61. Ra6+ Ke7 62. Ra7+ Kf8 63. Kf2 Kg8 64. Rb7 Kf8 65. Ra7 Rc5 66. Kf3 Re5 67. Rb7 Re7 68. Rb6 Kf7 69. Ra6 Rb7 70. Rc6 Rb3+ 71. Kf2 Rb7 72. Ra6 Re7 73. Rb6 f5 74. Kf3 Re6 75. Rb7+ Kf6 76. Rb5 Ra6 77. Rc5 Ra3+ 78. Kf2 Ra6 79. Kg2 Rd6 80. Rb5 Rd4 81. Ra5 f4 82. gxf4 Rxf4 83. Kg3 Rg4+ 84. Kh3 Rb4 85. Ra6+ Kf5 86. Ra5+ Kf4 87. Ra6 Kf5 88. Ra5+ Kf6 89. Ra6+ Kg7 90. Kg3 Re4 91. Kh3 Rf4 92. Kg3 Rf7 93. Kh3 Rb7 94. Kg3 Rb3+ 95. Kg2 Kf7 96. Rc6 Rd3 97. Ra6 Rc3 98. Rb6 Ra3 99. Rc6 Re3 100. Rb6 Re6 101. Rb7+ Kf6 102. Rb5 Re5 103. Rb6+ Kf5 104. Kg3 Re3+ 105. Kg2 Ra3 106. Rb5+ Kf4 107. Rg5 Ra2+ 108. Kh3 Ra6 109. Kg2 Rc6 110. Kh3 Re6 111. Kg2 Rd6 112. Kh3 Kf3 113. Kh2 Rd2+ 114. Kh3 Rd1 115. Kh2 Rd2+ 116. Kh3 Rd6 117. Kh2 Rd4 118. Kh3 Rg4 119. Ra5 Rg3+ 120. Kh2 Rg2+ 121. Kh3 Rg1 122. Ra3+ Kf4 123. Ra4+ Kf5 124. Ra5+ Kf6 125. Ra6+ Kg7 126. Ra7+ Kh6 127. Ra6 Rb1 128. Kh2 Rb3 129. Kg2 Rd3 130. Kh2 Rd4 131. Kg3 Rg4+ 132. Kh3 Rf4 1/2-1/2


[Site "https://www.chess.com"]

[Event "Titled Tuesday Blitz April 26 Late 2022"]
[White "Schekachikhin, Maksim"]
[Black "Quesada Perez, Yuniesky"]
[WhiteFideId "24177830"]
[BlackFideId "3504409"]
[WhiteElo "2230"]
[BlackElo "2622"]
[Result "1/2-1/2"]
[Round "04"]
[TimeControl "180+1"]
[Date "2022.04.26"]
[WhiteClock "0:00:06"]
[BlackClock "0:00:08"]

1. d4 d5 2. c4 c6 3. cxd5 cxd5 4. Nf3 Nc6 5. Nc3 Nf6 6. Bf4 a6 7. e3 Bg4 8. Be2 e6 9. O-O Be7 10. Rc1 Bxf3 11. Bxf3 O-O 12. h3 Rc8 13. Be2 Bd6 14. Bxd6 Qxd6 15. Na4 Nd7 16. Nc5 Nxc5 17. dxc5 Qe5 18. Qd2 Rfd8 19. Bf3 d4 20. Bxc6 Rxc6 21. b4 Rd5 22. Rfd1 dxe3 23. Qxe3 Qxe3 24. fxe3 Kf8 25. Rxd5 exd5 26. Rd1 a5 27. a3 Re6 28. Kf2 axb4 29. axb4 Re4 30. Rd4 Re5 31. b5 Ke8 32. Ra4 Kd8 33. Ke2 Kc7 34. Kd3 Kb8 35. g4 f6 36. Rf4 Kc7 37. Rf5 Kd7 38. h4 Ke6 39. Rf4 Kd7 40. Kd4 Ke6 41. Kd3 Kd7 42. Kd4 Ke6 43. h5 g6 44. hxg6 hxg6 45. Kd3 g5 46. Rf1 Re4 47. Rh1 Rb4 48. b6 Rc4 49. Rh7 Rxc5 50. Rxb7 Rb5 51. Rb8 Kd7 52. b7 Kc7 53. Rf8 Kxb7 54. Rxf6 Rb4 55. Rf5 Rxg4 56. Rxd5 Kc6 57. Rf5 Rg1 58. Ke2 Kd6 59. Kf2 Rg4 60. Kf3 Rg1 61. Kf2 Rg4 62. Kf3 Rg1 63. Kf2 1/2-1/2


[Site "https://www.chess.com"]

[Event "Titled Tuesday Blitz April 26 Late 2022"]
[White "Sevian, Samuel"]
[Black "Chigaev, Maksim"]
[WhiteFideId "2040506"]
[BlackFideId "4108116"]
[WhiteElo "2698"]
[BlackElo "2478"]
[Result "1/2-1/2"]
[Round "04"]
[TimeControl "180+1"]
[Date "2022.04.26"]
[WhiteClock "0:00:03"]
[BlackClock "0:00:03"]

1. b3 Nf6 2. Bb2 g6 3. Bxf6 exf6 4. c4 d5 5. cxd5 Qxd5 6. Nc3 Qa5 7. e3 a6 8. a3 c5 9. Nf3 Bg7 10. h4 h5 11. Bc4 Nc6 12. Qc2 Bf5 13. d3 O-O 14. O-O Bg4 15. Bd5 Rac8 16. Ne4 Bxf3 17. gxf3 f5 18. Nd6 Qd8 19. Qxc5 b6 20. Nxf7 Rxf7 21. Bxf7+ Kxf7 22. Qc4+ Kf8 23. d4 b5 24. Qe6 Qe8 25. Qxe8+ Kxe8 26. Rac1 Kd7 27. Kh2 Bf8 28. Rg1 Bxa3 29. Ra1 Bd6+ 30. Kh3 a5 31. Rxg6 Bb4 32. Rc1 Ne7 33. Rxc8 Nxc8 34. e4 fxe4 35. fxe4 Kc7 36. Rg1 Nb6 37. Rc1+ Kd7 38. Kg3 a4 39. bxa4 bxa4 40. Ra1 a3 41. Kf4 Nc4 42. Kg5 Bc3 43. Ra2 Bxd4 44. Kxh5 Bb2 45. f4 Nd2 46. e5 Nb3 47. Kg6 Nc1 48. h5 Nxa2 49. h6 Nb4 50. h7 a2 51. h8=Q a1=Q 52. Qg7+ Kc6 53. Qf6+ Kb5 54. Qd6 Qg1+ 55. Kf6 Kc4 56. Qe6+ Nd5+ 57. Kf7 Qa7+ 58. Kg8 Qg1+ 59. Kf7 Qg3 60. Qc6+ Kd4 61. Qa4+ Kc5 62. Qa5+ Kc4 63. Qa4+ Nb4 64. e6 Qxf4+ 65. Ke8 Qb8+ 66. Kf7 Qf4+ 67. Ke8 Qc7 68. Qd7 Qb8+ 69. Kf7 Nd5 70. e7 Qf4+ 71. Kg6 Nxe7+ 72. Qxe7 Qg4+ 73. Kf7 Qf5+ 74. Ke8 Qb5+ 75. Kf7 Qf5+ 76. Ke8 Be5 77. Qf7+ Qxf7+ 78. Kxf7 1/2-1/2


[Site "https://www.chess.com"]

[Event "Titled Tuesday Blitz April 26 Late 2022"]
[White "Shimanov, Aleksandr"]
[Black "Koellner, Ruben Gideon"]
[WhiteFideId "4198603"]
[BlackFideId "12993093"]
[WhiteElo "2636"]
[BlackElo "2614"]
[Result "1-0"]
[Round "04"]
[TimeControl "180+1"]
[Date "2022.04.26"]
[WhiteClock "0:01:04"]
[BlackClock "0:00:07"]

1. d4 d6 2. Nf3 Nf6 3. g3 g6 4. b3 Bg7 5. Bb2 O-O 6. Bg2 c5 7. O-O Nc6 8. d5 Nb4 9. c4 Bf5 10. Nc3 Ne4 11. Qc1 Nxc3 12. Bxc3 Bxc3 13. Qxc3 Rb8 14. Nh4 Bd7 15. e4 e5 16. dxe6 fxe6 17. Rad1 Qe7 18. Qd2 Rbd8 19. Qxd6 Qxd6 20. Rxd6 Bc8 21. e5 Rxd6 22. exd6 Rd8 23. Rd1 Nxa2 24. Nf3 Nc3 25. Rd3 Ne4 26. d7 Rxd7 27. Rxd7 Bxd7 28. Ne5 Nf6 29. Bxb7 Kf8 30. Nd3 Ke7 31. Nxc5 Be8 32. Bf3 Kd6 33. b4 a6 34. Nxa6 1-0


[Site "https://www.chess.com"]

[Event "Titled Tuesday Blitz April 26 Late 2022"]
[White "Shirov, Alexei"]
[Black "Girsh, Daniel"]
[WhiteFideId "2209390"]
[BlackFideId "30949190"]
[WhiteElo "2678"]
[BlackElo "2366"]
[Result "1-0"]
[Round "04"]
[TimeControl "180+1"]
[Date "2022.04.26"]
[WhiteClock "0:00:24"]
[BlackClock "0:00:04"]

1. e4 c5 2. Nc3 d6 3. d4 cxd4 4. Qxd4 Nc6 5. Qd2 g6 6. b3 Bh6 7. f4 Bg7 8. Bb2 Nf6 9. O-O-O O-O 10. Nf3 Bg4 11. Be2 Qa5 12. Kb1 Rfc8 13. h3 Bxf3 14. Bxf3 Rab8 15. g4 b5 16. g5 Nd7 17. h4 Nd4 18. Bg4 b4 19. Nd5 Rxc2 20. Nxe7+ Kf8 21. Qxc2 Nxc2 22. Nc6 Na3+ 23. Bxa3 Qxa3 24. Rh2 Nc5 25. Nxb8 Nxe4 26. Nd7+ Ke7 27. Re2 d5 28. Rxd5 Kd8 29. Nf6+ Kc7 30. Nxe4 Kb7 31. Rc2 Qa6 32. Nc5+ Kb6 33. Rd6+ Kb5 34. Be2+ 1-0


[Site "https://www.chess.com"]

[Event "Titled Tuesday Blitz April 26 Late 2022"]
[White "Siddharth, Jagadeesh"]
[Black "Pinheiro, Iung Alicio de O."]
[WhiteFideId "5818320"]
[BlackFideId "2104350"]
[WhiteElo "2127"]
[BlackElo "2472"]
[Result "1-0"]
[Round "04"]
[TimeControl "180+1"]
[Date "2022.04.26"]
[WhiteClock "0:00:15"]
[BlackClock "0:00:22"]

1. e4 c5 2. Nf3 Nc6 3. Bb5 e6 4. O-O Nge7 5. Re1 Nd4 6. Nxd4 cxd4 7. b3 a6 8. Bd3 Nc6 9. Bb2 Bc5 10. a3 O-O 11. b4 Ba7 12. f4 Ne7 13. Kh1 f5 14. Qf3 Rb8 15. e5 b5 16. Qf2 Nc6 17. Qg3 Bb7 18. Be2 Ne7 19. Bf3 Bxf3 20. Qxf3 Rc8 21. Qd3 Rc4 22. Ra2 Qc7 23. Ba1 Rc8 24. c3 Nd5 25. g3 Qc6 26. Qf3 Ne7 27. Qxc6 R4xc6 28. Kg2 Nd5 29. Kf3 Nb6 30. Ke2 Na4 31. Kd3 Kf7 32. Rc2 h6 33. Rec1 dxc3 34. Nxc3 Nb6 35. Ne2 Rxc2 36. Rxc2 Rxc2 37. Kxc2 Nd5 38. Bd4 Bb8 39. Nc3 Nxc3 40. dxc3 g5 41. Kd3 gxf4 42. gxf4 Kg6 43. h3 Kh5 44. Bf2 Bc7 45. c4 Bd8 46. cxb5 axb5 47. Kc3 Kg6 48. Kb3 Kf7 49. a4 bxa4+ 50. Kxa4 Ke8 51. Kb5 Bc7 52. Ka6 Kd8 53. b5 Kc8 54. b6 Bb8 55. b7+ Kc7 56. Ba7 1-0


[Site "https://www.chess.com"]

[Event "Titled Tuesday Blitz April 26 Late 2022"]
[White "Sjugirov, Sanan"]
[Black "Krstulovic, Alex"]
[WhiteFideId "4189302"]
[BlackFideId "760056"]
[WhiteElo "2602"]
[BlackElo "2193"]
[Result "1-0"]
[Round "04"]
[TimeControl "180+1"]
[Date "2022.04.26"]
[WhiteClock "0:02:00"]
[BlackClock "0:00:39"]

1. e4 c5 2. Nf3 e6 3. d3 Nc6 4. g3 g6 5. Bg2 Bg7 6. h4 h6 7. O-O Nge7 8. c3 O-O 9. d4 d6 10. Re1 b6 11. Be3 Bb7 12. Na3 cxd4 13. cxd4 d5 14. e5 Nf5 15. Bf4 Ba6 16. Qd2 Rc8 17. Rac1 Qe7 18. Nc2 Na5 19. b3 Rc7 20. Bh3 Rfc8 21. Bxf5 gxf5 22. Ne3 Qa3 23. Rxc7 Rxc7 24. g4 Bc8 25. gxf5 exf5 26. Nxd5 Rd7 27. Nf6+ Bxf6 28. exf6 Rd8 29. Bxh6 Kh7 30. Bg7 1-0


[Site "https://www.chess.com"]

[Event "Titled Tuesday Blitz April 26 Late 2022"]
[White "Sliwicka, Alicja"]
[Black "Babazada, Khazar"]
[WhiteFideId "1150677"]
[BlackFideId "13413554"]
[WhiteElo "2120"]
[BlackElo "2406"]
[Result "0-1"]
[Round "04"]
[TimeControl "180+1"]
[Date "2022.04.26"]
[WhiteClock "0:00:02"]
[BlackClock "0:00:07"]

1. e4 Nf6 2. e5 Nd5 3. d4 Nb6 4. c4 d6 5. exd6 cxd6 6. Nc3 g6 7. Be3 Bg7 8. Rc1 O-O 9. b3 Bf5 10. g4 Bd7 11. Bg2 Nc6 12. d5 Ne5 13. h3 f5 14. f4 Nexc4 15. bxc4 Nxc4 16. Bd4 Bxd4 17. Qxd4 b5 18. g5 Rc8 19. Nge2 b4 20. Nb1 Bb5 21. O-O Qa5 22. a3 bxa3 23. Nbc3 Ba6 24. Qxa7 Rc7 25. Qd4 Rfc8 26. Na2 Nd2 27. Rxc7 Rxc7 28. Rd1 Rc2 29. Nec3 Nb3 30. Qe3 Qc7 31. Qe6+ Kf8 32. Re1 Nc5 33. Qe3 Nd3 34. Re2 Rxe2 35. Nxe2 Bc4 36. Nd4 Nc5 37. Qxa3 Qb6 38. Nb4 Nb3 39. Qa8+ Kf7 40. Nc6 Nxd4 41. Kh2 Nxc6 42. dxc6 Qf2 43. c7 Qxf4+ 44. Kh1 Qc1+ 45. Kh2 Be6 46. Qb8 Qf4+ 47. Kh1 Qc1+ 48. Kh2 d5 49. Qb6 d4 50. Bb7 Qf4+ 51. Kh1 Qc1+ 52. Kh2 Qc2+ 53. Kh1 d3 54. Bd5 Bxd5+ 55. Kg1 Qg2# 0-1


[Site "https://www.chess.com"]

[Event "Titled Tuesday Blitz April 26 Late 2022"]
[White "Song, Michael"]
[Black "Zakhartsov, Vladimir"]
[WhiteFideId "2613190"]
[BlackFideId "4145097"]
[WhiteElo "2274"]
[BlackElo "2491"]
[Result "1-0"]
[Round "04"]
[TimeControl "180+1"]
[Date "2022.04.26"]
[WhiteClock "0:00:12"]
[BlackClock "0:00:11"]

1. e4 c5 2. Nf3 d5 3. Nc3 d4 4. Ne2 Nc6 5. d3 e5 6. g3 f5 7. exf5 Bxf5 8. Bg2 Qd7 9. h3 Bd6 10. g4 Be6 11. Ng5 Nf6 12. Nxe6 Qxe6 13. Ng3 Nd5 14. Qf3 Nf4 15. Nf5 O-O 16. O-O g6 17. Bxf4 gxf5 18. gxf5 Qxf5 19. Qd5+ Kh8 20. Bg3 Rad8 21. a3 Rg8 22. Rae1 Rg7 23. Re4 Be7 24. Qb3 Bf6 25. Qb5 Ne7 26. Qxc5 Nd5 27. Rg4 Rc7 28. Qxa7 h5 29. Be4 Qd7 30. Rg6 Bg7 31. h4 Qf7 32. Qa5 b6 33. Qb5 Rxc2 34. Qb3 Re2 35. Qd1 Rxe4 36. Qxh5+ Kg8 37. dxe4 Ne7 38. Rg5 Qxh5 39. Rxh5 Nc6 40. Rc1 Rd6 41. Rg5 Kf7 42. h5 Bh6 43. Rg6 Bxc1 44. Rxd6 Na5 45. Bxe5 Nc4 46. Rc6 b5 47. Bxd4 Bf4 48. a4 bxa4 49. Rxc4 Ke7 50. Rxa4 Ke6 51. Ra5 Bh6 52. Rf5 Kd7 53. Kg2 Kc6 54. Be5 Kb5 55. Kf3 Kc4 56. Kg4 Kb4 57. Bf4 Kb3 58. Bxh6 Kc2 59. Bf4 Kb1 60. h6 1-0


[Site "https://www.chess.com"]

[Event "Titled Tuesday Blitz April 26 Late 2022"]
[White "Sovetbekova, Nurai"]
[Black "BM223344"]
[WhiteFideId "13801910"]
[WhiteElo "1538"]
[BlackElo "2446"]
[Result "0-1"]
[Round "04"]
[TimeControl "180+1"]
[Date "2022.04.26"]
[WhiteClock "0:00:14"]
[BlackClock "0:01:00"]

1. d4 Nf6 2. c4 g6 3. g3 Bg7 4. Bg2 O-O 5. Nf3 d5 6. O-O c6 7. Ne5 Nbd7 8. f4 dxc4 9. Nxc4 Nb6 10. Nxb6 Qxb6 11. Nc3 Rd8 12. e3 c5 13. Na4 Qb5 14. Nxc5 Bg4 15. Qb3 Qe8 16. Bd2 Rab8 17. Rac1 b6 18. Na6 Rbc8 19. Nc7 Qd7 20. Nb5 Be2 21. a4 Bxf1 22. Rxf1 e6 23. Bc3 Nd5 24. Bxd5 exd5 25. Re1 Re8 26. Bb4 Rc6 27. Nc3 Rc4 28. Kf2 Qh3 29. Rh1 Rxd4 30. Nxd5 Qe6 31. exd4 Qe2+ 32. Kg1 Bxd4+ 33. Ne3 0-1


[Site "https://www.chess.com"]

[Event "Titled Tuesday Blitz April 26 Late 2022"]
[White "Stearman, Josiah"]
[Black "Bortnyk, Olexandr"]
[WhiteFideId "2062496"]
[BlackFideId "14120828"]
[WhiteElo "2402"]
[BlackElo "2723"]
[Result "0-1"]
[Round "04"]
[TimeControl "180+1"]
[Date "2022.04.26"]
[WhiteClock "0:00:07"]
[BlackClock "0:01:15"]

1. e4 d6 2. d4 Nf6 3. Nc3 Nbd7 4. Nf3 e5 5. Be2 Be7 6. O-O c6 7. a4 Qc7 8. h3 h6 9. Be3 Nf8 10. a5 Ng6 11. b4 Nf4 12. Bxf4 exf4 13. e5 dxe5 14. dxe5 Nd7 15. Qd4 O-O 16. Qxf4 Bf6 17. Ne4 Bxe5 18. Nxe5 Nxe5 19. Rad1 Be6 20. Nc5 Bd5 21. Qg3 Rac8 22. Rd4 Rfe8 23. c4 Be6 24. Ne4 Red8 25. Rfd1 Rxd4 26. Rxd4 Nd7 27. Qxc7 Rxc7 28. Bg4 f5 29. Rd6 Kf7 30. Bh5+ Ke7 31. Rxd7+ Rxd7 32. Nc5 Rd4 33. Nxb7 Rxc4 34. Bf3 Bd5 35. Bxd5 cxd5 36. b5 Rb4 37. b6 axb6 38. a6 Ra4 39. Na5 Rxa5 40. a7 Rxa7 0-1


[Site "https://www.chess.com"]

[Event "Titled Tuesday Blitz April 26 Late 2022"]
[White "Suleymanli, Aydin"]
[Black "Romanchuk, Viktor"]
[WhiteFideId "13413937"]
[BlackFideId "14109271"]
[WhiteElo "2481"]
[BlackElo "2242"]
[Result "1-0"]
[Round "04"]
[TimeControl "180+1"]
[Date "2022.04.26"]
[WhiteClock "0:01:29"]
[BlackClock "0:00:18"]

1. e4 e6 2. d4 d5 3. Nd2 dxe4 4. Nxe4 Nd7 5. Nf3 Ngf6 6. Nxf6+ Nxf6 7. c3 c5 8. Ne5 a6 9. Qa4+ Nd7 10. Be3 Qc7 11. Bb5 cxd4 12. cxd4 axb5 13. Qxa8 Nxe5 14. dxe5 Bb4+ 15. Kf1 O-O 16. Rc1 Qd7 17. h3 b6 18. Qc6 Qd3+ 19. Kg1 Bd7 20. Qxb6 Qe2 21. Qd4 1-0


[Site "https://www.chess.com"]

[Event "Titled Tuesday Blitz April 26 Late 2022"]
[White "Svane, Frederik"]
[Black "Grischuk, Alexander"]
[WhiteFideId "12923044"]
[BlackFideId "4126025"]
[WhiteElo "2459"]
[BlackElo "2762"]
[Result "1/2-1/2"]
[Round "04"]
[TimeControl "180+1"]
[Date "2022.04.26"]
[WhiteClock "0:01:55"]
[BlackClock "0:01:34"]

1. e4 e6 2. d4 d5 3. e5 c5 4. c3 Nc6 5. Nf3 Qb6 6. Be2 cxd4 7. cxd4 Nh6 8. Bxh6 Qxb2 9. Nbd2 gxh6 10. O-O Bd7 11. Rb1 Qxa2 12. Rxb7 Rb8 13. Rxb8+ Nxb8 14. Qa1 Qxa1 15. Rxa1 Nc6 16. Bb5 Bb4 17. Bxc6 Bxc6 18. Rxa7 O-O 19. Nf1 Ra8 20. Rxa8+ Bxa8 21. g4 Bc6 22. Kg2 Bc3 23. Ng3 Ba4 24. Ne2 Bb2 25. Nfg1 1/2-1/2


[Site "https://www.chess.com"]

[Event "Titled Tuesday Blitz April 26 Late 2022"]
[White "Svane, Rasmus"]
[Black "Lashkin, Jegor"]
[WhiteFideId "4657101"]
[BlackFideId "13907808"]
[WhiteElo "2645"]
[BlackElo "2368"]
[Result "1-0"]
[Round "04"]
[TimeControl "180+1"]
[Date "2022.04.26"]
[WhiteClock "0:00:19"]
[BlackClock "0:00:07"]

1. Nf3 d5 2. g3 Bg4 3. Bg2 e6 4. O-O Nf6 5. h3 Bh5 6. d4 Nbd7 7. c4 c6 8. cxd5 exd5 9. Ne5 Ne4 10. Bxe4 dxe4 11. Nc3 Nxe5 12. dxe5 Qxd1 13. Rxd1 Bg6 14. Be3 Be7 15. Rac1 Bf5 16. g4 Be6 17. Nxe4 h5 18. f3 Bxa2 19. Bc5 Bd5 20. Nd6+ Bxd6 21. Bxd6 hxg4 22. hxg4 O-O-O 23. e4 Be6 24. Kg2 Rh7 25. Rh1 Rdh8 26. Rxh7 Rxh7 27. Kg3 f6 28. f4 Bf7 29. f5 fxe5 30. Bxe5 g6 31. Ra1 a6 32. Rd1 gxf5 33. gxf5 Rh6 34. Rd2 c5 35. Bd6 b6 36. e5 Kb7 37. Kf4 Rh1 38. e6 Be8 39. Be5 Rf1+ 40. Kg5 Bc6 41. f6 Rg1+ 42. Kh6 Rh1+ 43. Rh2 Rf1 44. Kg7 Bd5 45. e7 Bc6 46. f7 Rg1+ 47. Kh8 Rf1 48. f8=Q 1-0


[Site "https://www.chess.com"]

[Event "Titled Tuesday Blitz April 26 Late 2022"]
[White "Szpar, Milosz"]
[Black "Toncheva, Nadya"]
[WhiteFideId "1184989"]
[BlackFideId "2924056"]
[WhiteElo "2447"]
[BlackElo "1884"]
[Result "1-0"]
[Round "04"]
[TimeControl "180+1"]
[Date "2022.04.26"]
[WhiteClock "0:00:36"]
[BlackClock "0:00:07"]

1. e4 c5 2. Nf3 d6 3. d4 cxd4 4. Qxd4 a6 5. c4 Nc6 6. Qe3 Bg4 7. Nbd2 Nf6 8. h3 Bxf3 9. Nxf3 g6 10. Be2 Bg7 11. O-O Rc8 12. Bd2 O-O 13. Rac1 Nd7 14. b3 Qc7 15. Rfd1 Nde5 16. Be1 Nxf3+ 17. Bxf3 h5 18. Be2 Kh7 19. Bd2 Nd4 20. Bf1 Ne6 21. b4 Bd4 22. Qd3 Qb6 23. Be1 Be5 24. Kh1 Rc7 25. g3 h4 26. f4 Bg7 27. f5 Nd8 28. gxh4 Nc6 29. c5 dxc5 30. bxc5 Qb2 31. Rc2 Qf6 32. Qg3 Ne5 33. Bd2 b6 34. Bg5 Qc6 35. Bg2 bxc5 36. Bf4 Qf6 37. Rd5 1-0


[Site "https://www.chess.com"]

[Event "Titled Tuesday Blitz April 26 Late 2022"]
[White "Tang, Andrew"]
[Black "Drygalov, Andrey"]
[WhiteFideId "2059630"]
[BlackFideId "24171735"]
[WhiteElo "2584"]
[BlackElo "2540"]
[Result "0-1"]
[Round "04"]
[TimeControl "180+1"]
[Date "2022.04.26"]
[WhiteClock "0:00:14"]
[BlackClock "0:01:27"]

1. d4 d5 2. Bf4 Nf6 3. e3 c5 4. Nf3 Nc6 5. Nbd2 Qb6 6. dxc5 Qxb2 7. Rb1 Qc3 8. Bb5 e6 9. O-O Be7 10. Nd4 Bd7 11. N2b3 O-O 12. Be2 Qb4 13. a3 Qxa3 14. Ra1 Qb4 15. Nb5 Ne4 16. Rb1 Nc3 17. Nxc3 Qxc3 18. e4 Qf6 19. Be3 Rfd8 20. exd5 exd5 21. Qxd5 Bg4 22. Qxd8+ Rxd8 23. Bxg4 a5 24. Bf3 a4 25. Nd2 a3 26. Rxb7 a2 27. Nb3 Ne5 28. Be4 Ng4 29. c6 Qe5 0-1


[Site "https://www.chess.com"]

[Event "Titled Tuesday Blitz April 26 Late 2022"]
[White "Tari, Aryan"]
[Black "Riehle, Marco"]
[WhiteFideId "1510045"]
[BlackFideId "12904392"]
[WhiteElo "2567"]
[BlackElo "2462"]
[Result "1-0"]
[Round "04"]
[TimeControl "180+1"]
[Date "2022.04.26"]
[WhiteClock "0:00:57"]
[BlackClock "0:00:35"]

1. e4 e5 2. Nf3 Nf6 3. Nc3 Nc6 4. a3 Bc5 5. Nxe5 O-O 6. Be2 Nxe5 7. d4 Bd6 8. f4 Nc6 9. e5 Be7 10. d5 Nb8 11. d6 cxd6 12. exd6 Re8 13. dxe7 Qb6 14. Qd3 Rxe7 15. Bd2 Qxb2 16. O-O Qb6+ 17. Kh1 d5 18. Bf3 Nc6 19. Nxd5 Nxd5 20. Bxd5 Be6 21. c4 Rd8 22. Rae1 h6 23. Bc3 Qc5 24. Qg3 Nd4 25. Bb4 Qc7 26. Bxe7 Qxe7 27. f5 Nxf5 28. Rxf5 Qc5 29. Bxe6 1-0


[Site "https://www.chess.com"]

[Event "Titled Tuesday Blitz April 26 Late 2022"]
[White "Tatarinov, Dmitry"]
[Black "Prohorov, Olexandr"]
[WhiteFideId "24160067"]
[BlackFideId "14105578"]
[WhiteElo "2302"]
[BlackElo "1993"]
[Result "1-0"]
[Round "04"]
[TimeControl "180+1"]
[Date "2022.04.26"]
[WhiteClock "0:00:47"]
[BlackClock "0:00:38"]

1. d4 c5 2. d5 f5 3. g3 d6 4. Bg2 g6 5. Nh3 Bg7 6. O-O Nf6 7. Nf4 O-O 8. c4 Na6 9. Nc3 Nc7 10. Rb1 Rb8 11. a4 a6 12. b4 cxb4 13. Rxb4 Nd7 14. Qc2 Nc5 15. Be3 e5 16. dxe6 N5xe6 17. Rfb1 Nxf4 18. Bxf4 Ne6 19. Nd5 Nd4 20. Qd2 Re8 21. Be3 Ne6 22. Ba7 Ra8 23. Bb6 Qd7 24. a5 Qf7 25. e3 Bd7 26. Nc7 Nxc7 27. Bxc7 Bc6 28. Bxc6 bxc6 29. Bxd6 Red8 30. c5 Qe6 31. Rb7 Rd7 32. Rxd7 Qxd7 33. Qa2+ Kh8 34. Qc4 h5 35. h4 Qe8 36. Rb7 Bf6 37. Qf4 Bg7 38. Qg5 Kg8 39. Re7 Qf8 40. Qxg6 Qf6 41. Qxh5 1-0


[Site "https://www.chess.com"]

[Event "Titled Tuesday Blitz April 26 Late 2022"]
[White "Toniutti, Ezio"]
[Black "Hoffmann, Asa"]
[WhiteFideId "113034"]
[BlackFideId "2001470"]
[WhiteElo "2215"]
[BlackElo "2117"]
[Result "1-0"]
[Round "04"]
[TimeControl "180+1"]
[Date "2022.04.26"]
[WhiteClock "0:00:59"]
[BlackClock "0:01:24"]

1. d4 Nf6 2. c4 c5 3. d5 e5 4. Nc3 d6 5. e4 Be7 6. Nf3 Nbd7 7. Be2 Nf8 8. O-O Ng6 9. Ne1 O-O 10. Nd3 a6 11. b4 cxb4 12. Nxb4 Nd7 13. Be3 Bg5 14. Qd2 Bxe3 15. Qxe3 Nc5 16. Nd3 b6 17. Nxc5 bxc5 18. Rfb1 f5 19. exf5 Bxf5 20. Rb7 Rb8 21. Rb3 Qa5 22. Bd1 Nf4 23. g3 Nh5 24. Rxb8 Rxb8 25. Bxh5 Qb4 26. Be2 h6 27. Ne4 Bxe4 28. Qxe4 Qb2 29. Re1 Qxa2 30. Bd3 Qa5 31. Re3 Qa1+ 32. Kg2 Qd4 33. Qh7+ Kf7 34. Rf3+ Ke8 35. Qg8+ Kd7 36. Qe6+ Kc7 37. Rf7+ Kb6 38. Qxd6+ Ka5 39. Qxb8 Qxd3 40. Qc7+ Kb4 41. Qxe5 Qe4+ 42. Qxe4 1-0


[Site "https://www.chess.com"]

[Event "Titled Tuesday Blitz April 26 Late 2022"]
[White "Urbina Perez, Juan Antonio"]
[Black "Djokic, Mihailo"]
[WhiteFideId "2217368"]
[BlackFideId "976440"]
[WhiteElo "2192"]
[BlackElo "2202"]
[Result "0-1"]
[Round "04"]
[TimeControl "180+1"]
[Date "2022.04.26"]
[WhiteClock "0:00:16"]
[BlackClock "0:00:14"]

1. Nf3 Nf6 2. b3 g6 3. Bb2 Bg7 4. e3 O-O 5. Be2 d6 6. O-O e5 7. d4 e4 8. Nfd2 d5 9. c4 c6 10. Nc3 Be6 11. f3 exf3 12. Bxf3 Re8 13. Qc2 Bf5 14. Qd1 Rxe3 15. cxd5 cxd5 16. Re1 Rxe1+ 17. Qxe1 Nc6 18. Qf2 Ng4 19. Qg3 Bxd4+ 20. Kf1 Be5 21. Qe1 Nxh2+ 22. Kg1 Qb6+ 23. Kh1 Nxf3 24. Nxf3 Bg7 25. Nxd5 Qd8 26. Bxg7 Kxg7 27. Qc3+ f6 28. Rd1 Qf8 29. Nh4 Rd8 30. Nxf5+ gxf5 31. Qg3+ Kh8 32. Qc7 Qg7 33. Qf4 Ne7 34. Qc7 Rxd5 35. Rxd5 Nxd5 36. Qd8+ Qg8 37. Qd6 f4 38. b4 h6 39. b5 Qf7 40. a4 b6 41. Kg1 Kg7 42. Kh1 Qh5+ 43. Kg1 Qd1+ 44. Kh2 Qh5+ 45. Kg1 Qe5 46. Qd7+ Ne7 47. Qg4+ Qg5 48. Qe6 Qc5+ 49. Kh1 h5 50. Qe4 Qc7 51. Qe6 Ng6 52. Qf5 h4 53. Qe6 Qe7 54. Qf5 f3 55. gxf3 Qe1+ 56. Kh2 Qg3+ 57. Kh1 h3 58. Qd7+ Kh6 59. Qd2+ Nf4 60. Qc2 Qxf3+ 61. Kh2 Qg2+ 62. Qxg2 hxg2 63. a5 bxa5 64. b6 axb6 65. Kg3 g1=Q+ 66. Kh4 Qg5# 0-1


[Site "https://www.chess.com"]